 Dungeon Crawl Stone Soup version 0.27-a0-633-gc6addc0a40 (webtiles) character file.

Game seed: 5087856773086325599

210 Awod the Skirmisher (level 5, -6/46 HPs)
             Began as a Demonspawn Wanderer on Mar 12, 2021.
             Killed by divine providence
             ... invoked by an orc priest
              (11 damage)
             ... on level 3 of the Dungeon on Mar 14, 2021.
             The game lasted 00:08:44 (3641 turns).

Awod the Skirmisher (Demonspawn Wanderer)           Turns: 3641, Time: 00:08:45

Health: -6/46      AC: 13    Str: 11    XL:     5   Next: 57%
Magic:  8/8        EV: 10    Int: 15    God:
Gold:   105        SH:  0    Dex: 13    Spells: 9/9 levels left

rFire    . . .     SeeInvis .   w - +0 war axe
rCold    . . .     Faith    .   (no shield)
rNeg     . . .     Spirit   .   o - +0 ring mail
rPois    .         Reflect  .   (helmet restricted)
rElec    .         Harm     .   g - +0 cloak
rCorr    .         Rampage  .   (no gloves)
Will     +....                  j - +0 pair of boots
Stlth    +.........             (no amulet)
HPRegen  0.15/turn              t - ring of willpower
MPRegen  0.11/turn              (no ring)

@: sanguine armoured
A: antennae 1, sanguine armour 1
a: no special abilities


You were on level 3 of the Dungeon.
You visited 1 branch of the dungeon, and saw 3 of its levels.

You collected 105 gold pieces.


Innate Abilities, Weirdness & Mutations

You have a pair of small antennae on your head.
When seriously injured, your bleeding wounds create armour. (AC +6)


   Skills:
 + Level 6.2 Fighting
 + Level 0.8 Axes
 - Level 1.0 Staves
 - Level 1.0 Throwing
 - Level 2.3 Dodging
 + Level 2.6 Spellcasting
 - Level 1.8 Evocations


You had 9 spell levels left.
You didn't know any spells.
Your spell library was empty.

Inventory:

Hand Weapons
 a - a +0 falchion
 c - a +0 quarterstaff
 w - a +0 war axe (weapon)
Missiles
 e - a throwing net {=f}
 f - 5 poisoned darts (quivered)
 i - 5 atropa-tipped darts
 k - 62 stones
 l - 2 boomerangs
 p - 15 sling bullets
 q - 4 javelins
Armour
 d - a +0 robe
 g - a +0 cloak (worn)
 j - a +0 pair of boots (worn)
 n - a +0 helmet
 o - a +0 ring mail (worn)
Jewellery
 t - a ring of willpower (right hand)
Wands
 b - a wand of flame (15)
 r - a wand of mindburst (10)
 x - a wand of charming (9)
Scrolls
 m - 2 scrolls of identify {unknown}
 s - a scroll of magic mapping {unknown}
 v - a scroll of teleportation {unknown}
Potions
 h - a potion of lignification {unknown}
 u - 2 potions of berserk rage {unknown}
 z - a potion of magic {unknown}

Dungeon Overview and Level Annotations

Branches:
Dungeon (3/15)

Altars:
Cheibriados

....#. ##.#...##o.......#
...... #......##.#..#...#
...... #......##o#....#
....#. #...{...K...g..#
....#.##.#########..##.# .
#...#...............# ...
..#.##.#.##.###.....###....
.....b{#.##.#.#............
..#.##.#..o...o.@..<...#...
.....o.####.o..b###........
#...#......................
....#..####..............#.
#..b#..#.................#
###.#....##.#.##...........
..o...........##.##..##....
....#..#.##........... ....
.......#.##.......# ..


You could see an orc warrior, an orc priest, an orc, a hobgoblin and a bat.


Message History

Your blood congeals into armour.
Unknown command.
Things that are here:
a +0 club; a kobold corpse The orc priest mumbles some strange prayers to Beogh against you.
Beogh smites you!
* * * LOW HITPOINT WARNING * * *
The orc warrior hits you but does no damage.
Unknown command.
A bat comes into view.
The bat hits you but does no damage. The bat hits you but does no damage. x2
The bat hits you.
* * * LOW HITPOINT WARNING * * *
The bat hits you but does no damage. The bat hits you but does no damage.
The bat closely misses you. The bat hits you but does no damage.
The bat barely misses you. The bat closely misses you.
The bat hits you but does no damage. The bat misses you.
A hobgoblin comes into view.
The hobgoblin shouts!
You hear an angry hiss.
The bat hits you but does no damage.
The hobgoblin throws a stone.
The stone hits you but does no damage. The bat barely misses you.
The orc priest invokes the aid of Beogh against you.
Beogh smites you!
You die...

Skill      XL: |  1  2  3  4 |
---------------+-------------+-----
Dodging        | 2 |  2.3
Spellcasting   | 1 2 |  2.6
Fighting       | 6 |  6.2
Axes           | |  0.8
Staves         | |  1.0
Throwing       | |  1.0
Evocations     | |  1.8

Action                   |  1- 3 |  4- 6 || total
-------------------------+-------+-------++-------
Melee: Falchion          |   148 |    90 ||   238
       War axe           |       |    10 ||    10
Throw: Dart              |    13 |       ||    13
Evoke: Wand              |       |     1 ||     1
Armor: Robe              |    36 |       ||    36
       Ring mail         |    27 |    98 ||   125
Dodge: Dodged            |    95 |    99 ||   194
       Rpst.: Falchion   |    23 |    35 ||    58

Levels and vault maps discovered:
D:1:      nicolae_arrival_washed_ashore, layout_basic, minmay_tromino_i4
D:2:      minmay_skewed_foursquare, layout_rooms, kennysheep_slug_shrine
D:3:      layout_basic, minmay_vboxes, uniq_ijyb, uniq_natasha

Notes
Turn   | Place    | Note
-------+----------+-------------------------------------------
     0 | D:1      | Awod the Demonspawn Wanderer began the quest for the Orb.
     0 | D:1      | Awod set off with the following items: a +0 falchion, a
                  | wand of flame (15), a +0 quarterstaff, a +0 robe
     0 | D:1      | Reached XP level 1. HP: 21/21 MP: 1/1
   447 | D:1      | Reached skill level 2 in Dodging
   451 | D:1      | Gained mutation: When seriously injured, your bleeding
                  | wounds create armour. (AC +6) [demonic ancestry]
   451 | D:1      | Reached XP level 2. HP: 21/27 MP: 2/2
   743 | D:1      | Reached XP level 3. HP: 32/33 MP: 3/3
  1893 | D:2      | Reached skill level 1 in Spellcasting
  1993 | D:2      | Found a snail-covered altar of Cheibriados.
  2014 | D:2      | Upgraded the game from 0.27-a0-604-g29a88b33a7 to
                  | 0.27-a0-633-gc6addc0a40
  2237 | D:2      | Gained mutation: You have a pair of small antennae on your
                  | head. [demonic ancestry]
  2237 | D:2      | Reached XP level 4. HP: 33/39 MP: 5/5
  2746 | D:2      | Reached skill level 2 in Spellcasting
  3115 | D:3      | Noticed an orc warrior
  3137 | D:2      | Reached skill level 6 in Fighting
  3137 | D:2      | Reached XP level 5. HP: 20/46 MP: 8/8
  3534 | D:3      | Noticed Ijyb
  3535 | D:3      | Killed Ijyb
  3548 | D:3      | Noticed Natasha
  3555 | D:3      | Killed Natasha
  3611 | D:3      | HP: 2/46 [orc priest/divine providence (12)]
  3621 | D:3      | HP: 2/46 [bat (1)]
  3641 | D:3      | Killed from afar by an orc priest

Vanquished Creatures
  Ijyb (D:3)
  Natasha (D:3)
  8 adders (D:2)
  2 oozes (D:1)
  3 worms (D:2)
  2 dart slugs
  A leopard gecko (D:1)
  An orc (D:2)
  8 bats
  6 giant cockroaches
  4 goblins
  6 hobgoblins
  6 jackals
  A ball python (D:2)
  4 frilled lizards
  8 kobolds
  10 rats
72 creatures vanquished.

Table legend: (Time is in decaauts)
 A = Elapsed time spent in this place.
 B = Non-inter-level travel time spent in this place.
 C = Inter-level travel time spent in this place.
 D = Time resting spent in this place.
 E = Time spent auto-exploring this place.
 F = Levels seen in this place.
 G = Mean time per level.
                   A        B        C        D        E       F      G
               +--------+--------+--------+--------+--------+-----+--------+
         Total |   3722 |   3613 |    109 |   1407 |   1293 |   3 | 1240.7 |
       Dungeon |   3722 |   3613 |    109 |   1407 |   1293 |   3 | 1240.7 |
               +--------+--------+--------+--------+--------+-----+--------+

Top non-repeatable levels by time:
     D:1: 1915 daAuts
     D:2: 1630 daAuts
     D:3: 175 daAuts

Table legend:
 A = Non-vault XP
 B = Vault XP
 C = Vault XP percentage of total XP
 D = Non-vault monster count
 E = Vault monster count
 F = Vault count percentage of total count
                 A         B        C        D         E       F
            +---------+---------+-------+---------+---------+-------
      Total |     144 |     157 |  52.2 |      56 |      16 |  22.2
            +---------+---------+-------+---------+---------+-------
        D:1 |      66 |       3 |   4.3 |      31 |       3 |   8.8
        D:2 |      76 |      82 |  51.9 |      24 |      10 |  29.4
        D:3 |       2 |      72 |  97.3 |       1 |       3 |  75.0
            +---------+---------+-------+---------+---------+-------
